 Dungeon Crawl Stone Soup version 0.21.1-1-g345015f (webtiles) character file.

16150 troglodite the Blocker (level 12, -3/139 HPs)
             Began as a Demonspawn Berserker on May 4, 2018.
             Was a High Priest of Trog.
             Killed from afar by Josephine (23 damage)
             ... with a ghostly fireball
             ... on level 12 of the Dungeon on May 5, 2018.
             The game lasted 00:35:46 (13639 turns).

troglodite the Blocker (Demonspawn Berserker)      Turns: 13639, Time: 00:35:46

Health: -3/139     AC: 18    Str: 23    XL:     12   Next: 7%
Magic:  12/12      EV: 16    Int:  9    God:    Trog [*****.]
Gold:   762        SH: 14    Dex: 17    Spells: 11/11 levels left

rFire    . . .     SeeInvis .   b - +6 hand axe "Arcanum" {flame, rPois MR+ Dex-3 Stlth+}
rCold    + . .     Gourm    .   y - +0 shield
rNeg     . . .     Faith    .   x - +0 acid dragon scales
rPois    +         Spirit   .   Z - +2 helmet
rElec    .         Reflect  +   M - +1 cloak
rCorr    +         Harm     .   n - +1 pair of gloves
MR       +....                  Q - +2 pair of boots
Stlth    ..........             e - +3 amulet of reflection
HPRegen  0.33/turn              C - ring of protection from cold
MPRegen  0.13/turn              A - +3 ring of dexterity

@: berserking, slowed, heavily drained, repel missiles
A: talons 1, repulsion field 3, powered by pain 2, spiny 1
a: Berserk, Trog's Hand, Brothers in Arms, Burn Spellbooks, Renounce Religion


You were on level 12 of the Dungeon.
You worshipped Trog.
Trog was extremely pleased with you.
You were very hungry.

You visited 1 branch of the dungeon, and saw 13 of its levels.
You also visited: Ossuary.

You collected 762 gold pieces.

Inventory:

Hand Weapons
 b - the +6 hand axe "Arcanum" (weapon) {flame, rPois MR+ Dex-3 Stlth+}
   (You found it on level 5 of the Dungeon)

   It has been specially enchanted to burn those struck by it, causing extra
   injury to most foes and up to half again as much damage against particularly
   susceptible opponents.
   Big, fiery blades are also staple armaments of hydra-hunters.
   It affects your dexterity (-3).
   It protects you from poison.
   It affects your resistance to hostile enchantments.
   It makes you more stealthy.
 u - a +3 trident of protection
Armour
 n - a +1 pair of gloves (worn)
 x - +0 acid dragon scales (worn)
 y - a +0 shield (worn)
 M - a +1 cloak (worn)
 P - a +0 plate armour
 Q - a +2 pair of boots (worn)
 Z - a +2 helmet (worn)
Jewellery
 e - a +3 amulet of reflection (around neck)
 w - a +1 ring of evasion
 A - a +3 ring of dexterity (right hand)
 C - a ring of protection from cold (left hand)
 E - an uncursed ring of stealth
 J - an uncursed ring of fire
 O - an uncursed ring of fire
Wands
 f - a wand of digging (29)
 q - a wand of clouds (2)
 v - a wand of disintegration (26)
 K - a wand of flame (35)
 R - a wand of random effects (26)
 W - a wand of enslavement (20)
 X - a wand of polymorph (18)
Scrolls
 l - a scroll of blinking
 o - 3 scrolls of enchant weapon
 p - 6 scrolls of remove curse
 s - 6 scrolls of teleportation
 t - 3 scrolls of fog
 z - 2 scrolls of amnesia {unknown}
 D - 2 scrolls of brand weapon {unknown}
 F - a scroll of fear {unknown}
 H - a scroll of torment {unknown}
 I - 2 scrolls of magic mapping {unknown}
 N - 3 scrolls of enchant armour {unknown}
 T - a scroll of holy word {unknown}
 U - a scroll of random uselessness {unknown}
Potions
 a - 2 potions of cancellation
 d - 9 potions of curing
 g - 2 potions of berserk rage
 h - 4 potions of heal wounds
 i - 3 potions of brilliance
 j - 2 potions of might
 k - 3 potions of flight
 m - 2 potions of magic
 r - 5 potions of lignification
 B - 3 potions of haste
 G - a potion of agility
 S - a potion of invisibility
 V - a potion of mutation
Comestibles
 c - 18 rations
 L - a chunk of flesh


   Skills:
 * Level 8.2(5.2) Fighting
   Level 3.2(0.7) Long Blades
 + Level 8.0(5.5) Axes
 + Level 4.0(3.7) Polearms
 * Level 7.9(5.0) Armour
 * Level 7.2(4.3) Dodging
 + Level 2.9(0.4) Stealth
 * Level 9.1(6.1) Shields


You had 11 spell levels left.
You didn't know any spells.

Dungeon Overview and Level Annotations

Branches:
Dungeon (13/15)            Temple (0/1) D:6            Lair (0/6) D:10
    Orc: D:9-12      Vaults: D:13-14

Altars:
Dithmenos
Fedhas
Gozag
Hepliaklqana
Kikubaaqudgha
Nemelex Xobeh
Okawaru
Qazlal
Ru
Sif Muna
Trog
Uskayaw
Vehumet
Xom
Zin
The Shining One

Shops:
D:4 (   D:5 !([%(   D:6 !*%*:   D:11 :

Annotations:
D:12 Josephine
D:13 Azrael


Innate Abilities, Weirdness & Mutations

You have sharp toenails.
You are surrounded by a strong repulsion field. (EV +4, RMsl)
You sometimes gain power by taking damage.
You are partially covered in sharp spines.


Message History

The wraith completely resists.
The ghostly fireball engulfs the wraith.
The wraith completely resists.
You block the wraith's attack. The wraith hits you!
* * * LOW HITPOINT WARNING * * *
The wraith drains your vigour!
You feel as though you will be slow longer.
The wraith closely misses you. The wraith hits you but does no damage.
You closely miss Josephine. You slash the wraith! You burn the wraith.
You hit the wraith but do no damage. You slash the wraith! You burn the wraith.
The wraith hits you but does no damage. You block the wraith's attack.
The wraith misses you.
You slash Josephine! You burn Josephine.
Josephine is lightly wounded.
You hit the wraith but do no damage. You slash the wraith! You burn the wraith.
You hit the wraith. You burn the wraith. The wraith is struck by your spines.
The wraith barely misses you. You block the wraith's attack. x2
Josephine points at you and mumbles some strange words.
The ghostly flame explodes!
The ghostly fireball engulfs you!
You feel drained.
You die...

##################
.........?.......#
................# #
................# #####
####....####...# ....
...####W...# #...# ...
.....W@@...# #...# ..
......WW...# #...# . ...
#.....!....####...# # ....
#.................# # .._..
#..#####..........# # ..[..
#. #..........# ##..... #
#####...#####..# .......
........# #..#
.................)..#####..#


You could see Josephine and 4 wraiths.

Vanquished Creatures
  Snorg (D:13)
  The ghost of Nukog the Spear-Bearer, a novice OgHu of Yredelemnul (D:8)
  A hydra (D:13)
  An ogre mage (D:10)
  4 two-headed ogres
  An unseen horror (D:11)
  A deep elf mage (D:12)
  An ugly thing (D:12)
  A gargoyle (D:8)
  An efreet (D:10)
  A komodo dragon (D:10)
  2 trolls
  A hippogriff (D:10)
  A vampire (D:11)
  A spriggan (D:10)
  7 yaks
  An acid dragon (D:11)
  2 hell hounds (D:13)
  4 water moccasins
  An orc warrior (D:8)
  3 sky beasts
  6 black bears
  An ice beast (D:9)
  3 phantoms
  3 ogres
  3 centaurs
  2 necrophages
  A crocodile (D:10)
  A big kobold (D:10)
  6 bullfrogs
  A wyvern skeleton (D:11)
  11 scorpions
  11 killer bees
  3 wights (D:9)
  4 howler monkeys
  6 crimson imps
  A quasit (D:6)
  5 centaur zombies
  5 hounds
  3 orc wizards
  4 orc priests
  Crazy Yiuf (D:7)
  2 centaur skeletons
  7 jellies
  3 bullfrog skeletons
  3 iguanas
  10 worker ants
  6 big kobold zombies (Ossuary)
  2 hound zombies
  2 hound skeletons
  4 mummies
  7 gnolls
  3 scorpion zombies (Ossuary)
  3 howler monkey skeletons
  10 adders
  2 shadow imps
  An ooze (D:4)
  An adder zombie (D:5)
  3 adder skeletons
  2 worms
  4 dart slugs
  11 leopard geckos
  33 orcs
  5 ball pythons
  11 bats
  5 bat zombies (D:6)
  6 giant cockroaches
  2 goblins (D:1)
  3 hobgoblins (D:1)
  4 jackals (D:6)
  8 kobolds
  5 quokkas
  3 frilled lizards (D:2)
  3 goblin zombies (Ossuary)
  A hobgoblin zombie (Ossuary)
  A jackal zombie (D:7)
  2 kobold zombies (Ossuary)
  A leopard gecko skeleton (D:7)
  A leopard gecko zombie (D:6)
  5 orc zombies
  7 rats
  3 plants (D:10)
313 creatures vanquished.

Vanquished Creatures (others)
  A centaur skeleton (D:13)
  A centaur (D:9)
  An orc (D:10)
  A plant (D:10)
4 creatures vanquished.

Grand Total: 317 creatures vanquished

Notes
Turn   | Place    | Note
-------+----------+-------------------------------------------
     0 | D:1      | troglodite the Demonspawn Berserker began the quest for the Orb.
     0 | D:1      | Reached XP level 1. HP: 18/18 MP: 1/1
   280 | D:1      | Gained mutation: You sometimes gain a little power by taking damage. [demonic ancestry]
   280 | D:1      | Reached XP level 2. HP: 24/24 MP: 2/2
   858 | D:1      | Found a glowing golden altar of the Shining One.
  1037 | D:2      | Noticed an air elemental
  1039 | D:2      | Found a stormy altar of Qazlal.
  1043 | D:2      | Noticed an earth elemental
  1061 | D:2      | Reached XP level 3. HP: 28/30 MP: 3/3
  1328 | D:2      | Noticed a fire elemental
  1355 | D:2      | Noticed a water elemental
  1423 | D:2      | Found a sparkling altar of Nemelex Xobeh.
  1424 | D:2      | Found an opulent altar of Gozag.
  1573 | D:2      | Reached ** piety under Trog
  1815 | D:2      | Found a glowing silver altar of Zin.
  1818 | D:2      | Found an iron altar of Okawaru.
  1821 | D:2      | Found a blossoming altar of Fedhas.
  2239 | D:3      | Gained mutation: You have sharp toenails. [demonic ancestry]
  2239 | D:3      | Reached XP level 4. HP: 37/37 MP: 4/4
  3200 | D:4      | Found an ancient bone altar of Kikubaaqudgha.
  3209 | D:4      | Reached XP level 5. HP: 42/42 MP: 5/5
  3224 | D:4      | Reached skill level 1 in Polearms
  3418 | D:4      | Noticed an ogre
  3427 | D:4      | Killed an ogre
  3427 | D:4      | Gained mutation: You sometimes gain power by taking damage. [demonic ancestry]
  3427 | D:4      | Reached XP level 6. HP: 21/48 MP: 6/6
  3933 | D:4      | Found Pookhomauxt's Weapon Boutique.
  4243 | D:4      | Reached skill level 1 in Stealth
  4552 | D:4      | Reached XP level 7. HP: 55/55 MP: 7/7
  4817 | D:5      | Entered Level 5 of the Dungeon
  4911 | D:5      | Found Ugiahap's Antique Armour Shoppe.
  4941 | D:5      | Reached skill level 1 in Shields
  4961 | D:5      | Found Uliron's Food Shop.
  5110 | D:5      | Found Ygos's Weapon Shop.
  5234 | D:5      | Found a bloodstained altar of Trog.
  5272 | D:5      | Found Vivoq's Distillery.
  5333 | D:5      | Got a bloodstained hand axe
  5341 | D:5      | Identified the +6 hand axe "Arcanum" {flame, rPois MR+ Dex-3 Stlth+} (You found it on level 5 of the Dungeon)
  5406 | D:5      | Found Xiacir's Weapon Shop.
  5423 | D:5      | Found a deep blue altar of Sif Muna.
  5498 | D:6      | Found Apuottiz's Food Shoppe.
  5498 | D:6      | Found a staircase to the Ecumenical Temple.
  5543 | D:6      | Reached *** piety under Trog
  5572 | D:6      | Found Zeiplukao's Book Emporium.
  5581 | D:6      | Reached skill level 2 in Shields
  5703 | D:5      | Gained mutation: You are surrounded by a mild repulsion field. (EV +2) [demonic ancestry]
  5703 | D:5      | Reached XP level 8. HP: 32/61 MP: 8/8
  5868 | D:6      | Found Tiusevun's Assorted Antiques.
  5921 | D:6      | Reached skill level 5 in Fighting
  5950 | D:6      | Found a sacrificial altar of Ru.
  5965 | D:6      | Reached skill level 1 in Axes
  6129 | D:6      | Found Hihitt's General Store.
  6163 | D:6      | Found Jimiufol's Distillery.
  6176 | D:6      | Found a shimmering altar of Xom.
  6278 | D:6      | Reached skill level 5 in Armour
  6359 | D:6      | Found an ancient bone altar of Kikubaaqudgha.
  6552 | D:7      | Reached skill level 3 in Shields
  6748 | D:7      | Found a shadowy altar of Dithmenos.
  6785 | D:7      | Found a runed door.
  6789 | D:7      | Noticed Crazy Yiuf
  6793 | D:7      | Killed Crazy Yiuf
  7071 | D:7      | Reached **** piety under Trog
  7278 | D:7      | Found a hide-covered altar of Uskayaw.
  7335 | D:7      | Gained mutation: You are surrounded by a moderate repulsion field. (EV +3) [demonic ancestry]
  7335 | D:7      | Reached XP level 9. HP: 68/68 MP: 9/9
  7613 | D:8      | Reached skill level 4 in Shields
  7623 | D:8      | Found a sand-covered staircase.
  7630 | Ossuary  | Entered an ossuary
  8028 | D:8      | Reached skill level 5 in Shields
  8109 | D:8      | Noticed Nukog's ghost (novice OgHu)
  8112 | D:8      | Noticed a gargoyle
  8121 | D:8      | Killed Nukog's ghost
  8121 | D:8      | Reached skill level 5 in Axes
  8121 | D:8      | Reached skill level 5 in Dodging
  8125 | D:8      | Killed a gargoyle
  8125 | D:8      | Gained mutation: You are partially covered in sharp spines. [demonic ancestry]
  8125 | D:8      | Reached XP level 10. HP: 76/76 MP: 10/10
  8189 | D:8      | Reached ***** piety under Trog
  8370 | D:8      | Reached skill level 6 in Shields
  8597 | D:8      | Found a hazy altar of Hepliaklqana.
  9061 | D:9      | Noticed a two-headed ogre
  9068 | D:9      | Killed a two-headed ogre
  9508 | D:10     | Entered Level 10 of the Dungeon
  9555 | D:10     | Received a gift from Trog
  9561 | D:10     | Reached skill level 7 in Shields
  9770 | D:10     | Found a sparkling altar of Nemelex Xobeh.
  9973 | D:10     | Noticed an ogre mage
  9986 | D:10     | Killed an ogre mage
  9986 | D:10     | Reached XP level 11. HP: 84/84 MP: 11/11
 10239 | D:10     | Found a staircase to the Lair.
 10863 | D:11     | Noticed a two-headed ogre
 10873 | D:11     | Killed a two-headed ogre
 10998 | D:11     | Reached skill level 8 in Shields
 11338 | D:11     | Found Ilybeuh's Book Boutique.
 11411 | D:11     | Killed an unseen horror
 11812 | D:11     | You fall through a shaft for 2 floors!
 11812 | D:13     | Noticed Snorg
 11830 | D:13     | Killed Snorg
 12117 | D:13     | Noticed a two-headed ogre
 12124 | D:13     | Killed a two-headed ogre
 12134 | D:13     | Noticed Azrael
 12536 | D:13     | Noticed a deep elf mage
 12635 | D:13     | Noticed an eight-headed hydra
 12646 | D:13     | Killed a four-headed hydra
 12844 | D:12     | Found a radiant altar of Vehumet.
 12844 | D:12     | Noticed a green ugly thing
 12861 | D:12     | Killed a green ugly thing
 13165 | D:12     | Noticed a two-headed ogre
 13175 | D:12     | Killed a two-headed ogre
 13175 | D:12     | Reached skill level 9 in Shields
 13267 | D:12     | Noticed a deep elf mage
 13279 | D:12     | Gained mutation: You are surrounded by a strong repulsion field. (EV +4, RMsl) [demonic ancestry]
 13279 | D:12     | Reached XP level 12. HP: 88/92 MP: 12/12
 13625 | D:12     | Noticed Josephine
 13639 | D:12     | Killed from afar by Josephine

Skill      XL: |  1  2  3  4  5  6  7  8  9 10 11 12 |
---------------+-------------------------------------+-----
Long Blades    | 3 |  3.2
Armour         | 2 3 4 5 6 7 |  7.9
Dodging        | 2 3 4 5 6 7 |  7.2
Fighting       | 4 5 6 7 8 |  8.2
Polearms       | 1 2 3 4 |  4.0
Stealth        | 1 2 |  2.9
Shields        | 2 3 5 7 9 |  9.1
Axes           | 3 5 6 7 8 |  8.0

Action                   |  1- 3 |  4- 6 |  7- 9 | 10-12 || total
-------------------------+-------+-------+-------+-------++-------
Melee: Falchion          |   136 |       |       |       ||   136
       Trident           |    37 |   162 |    57 |       ||   256
       Hand axe          |       |       |   315 |   487 ||   802
       Kick              |       |       |       |     2 ||     2
Invok: Berserk           |       |     5 |     4 |     5 ||    14
       Burn Spellbooks   |       |       |       |     2 ||     2
  Use: Scroll            |       |       |    17 |     5 ||    22
       Potion            |       |       |       |     1 ||     1
 Stab: Sleeping          |     2 |       |     7 |     8 ||    17
  Eat: Chunk             |     5 |     8 |    15 |    16 ||    44
       Ration            |       |     1 |       |     2 ||     3
Armor: Animal skin       |    48 |       |       |       ||    48
       Ring mail         |    23 |    95 |   134 |       ||   252
       Plate armour      |       |       |       |    92 ||    92
       Acid dragon scale |       |       |       |    63 ||    63
Dodge: Dodged            |   132 |   143 |   145 |   226 ||   646
Block: Shield            |       |    17 |   193 |   360 ||   570
       Reflection        |       |       |     2 |     6 ||     8
       Rpst.: Falchion   |    36 |       |       |       ||    36
